AoeStats
← 瓦兰吉程咬金三板斧

African Clearing

510452887Analyzed
4v4 RM · 2d ago on Oct 1, 2026· 62m 32s· 8 players
Game mode
Random Map
Map size
Large (8 player)
Population
200
Speed
Normal
Resources
Standard
Victory
Conquest
Starting age
Dark Age
Ending age
Imperial Age
RankedLock teamsTeams togetherTeam positionsShared explorationLock speedFull tech treeHidden civsTurbo modeCheats
Victory
Defeat
🇺🇸 Turks · United States
1750
+11
🇧🇷 Mongols · Brazil
1739
+12
🇨🇳 Wei · China
1622
+17
1499
+20
1731
-19
🇨🇴 Mongols · Colombia
1664
-16
🇵🇪 Vietnamese · Peru
1610
-14
🇵🇪 Spanish · Peru
1542
-11
EL TIGRE ABELARDO
11:30 Feudal Age
11:56 Double-Bit Axe
12:47 Horse Collar
14:57 Forging
17:22 Bloodlines
20:07 Loom
23:58 Castle Age
22:20 Fletching
22:52 Stone Mining
26:17 Bodkin Arrow
29:45 Wheelbarrow
29:57 Town Watch
33:30 Bow Saw
33:23 Heavy Plow
36:10 Padded Archer Armor
38:24 Gold Mining
39:10 Stone Shaft Mining
42:30 Imperial Age
45:25 Bracer
47:29 Leather Archer Armor
47:36 Ballistics
48:48 Chemistry
48:31 Scale Barding Armor
49:21 Iron Casting
50:13 Husbandry
50:55 Chain Barding Armor
51:02 Parthian Tactics
52:50 Thumb Ring
52:17 Elite Mangudai
54:04 Thumb Ring
CTM | Pentrus
13:25 Feudal Age
17:24 Castle Age
15:45 Loom
16:34 Double-Bit Axe
19:29 Padded Archer Armor
21:52 Leather Archer Armor
43:35 Wheelbarrow
45:24 Bow Saw
45:39 Fletching
49:05 Imperial Age
46:19 Horse Collar
46:40 Bodkin Arrow
48:03 Ballistics
48:21 Hand Cart
48:25 Thumb Ring
49:05 Gold Mining
49:07 Stone Mining
49:54 Bracer
51:00 Chemistry
49:42 Heavy Mounted Crossbowman
51:02 Conscription
51:41 Ring Archer Armor
51:19 Scale Barding Armor
51:16 Heavy Plow
52:08 Bloodlines
52:09 Forging
52:22 Husbandry
52:15 Elite Skirmisher
55:03 Two-Man Saw
54:29 Chain Barding Armor
54:45 Iron Casting
55:28 Iron Casting
62:16 Supremacy
CTM | KanChon
12:37 Feudal Age
13:00 Loom
16:44 Castle Age
14:38 Double-Bit Axe
14:45 Horse Collar
16:27 Wheelbarrow
16:43 Town Watch
17:34 Wheelbarrow
17:43 Bow Saw
25:31 Gold Mining
30:13 Imperial Age
29:04 Bloodlines
28:57 Husbandry
29:20 Scale Barding Armor
30:46 Chain Barding Armor
30:38 Forging
31:04 Elite Battle Elephant
32:38 Plate Barding Armor
34:15 Iron Casting
33:51 Chatras
34:34 Fletching
36:04 Bodkin Arrow
38:52 Chemistry
38:13 Ballistics
38:26 Town Patrol
41:24 Masonry
42:54 Bracer
50:18 Padded Archer Armor
51:08 Hand Cart
52:39 Leather Archer Armor
58:07 Elite Rattan Archer
58:17 Light Cavalry
58:30 Light Cavalry
60:49 Paper Money
CTM | Lelouch Jogo Bonito
11:49 Feudal Age
11:57 Loom
12:48 Loom
15:40 Castle Age
13:49 Double-Bit Axe
15:07 Stone Mining
15:38 Gold Mining
19:55 Scale Mail Armor
21:12 Fletching
25:34 Padded Archer Armor
28:33 Scale Barding Armor
28:52 Chain Mail Armor
29:55 Squires
29:40 Arson
31:49 Forging
32:14 Forging
32:00 Bodkin Arrow
33:30 Iron Casting
35:19 Wheelbarrow
35:12 Bow Saw
35:28 Horse Collar
39:31 Imperial Age
38:38 Gold Shaft Mining
38:20 Leather Archer Armor
39:41 Elite Hearth Troop
40:42 Conscription
39:46 Shield Wall
40:27 Bracer
40:59 Plate Mail Armor
41:31 Ring Archer Armor
42:45 Chemistry
42:05 Ballistics
41:28 Treadmill Crane
42:24 Masonry
42:42 Heavy Plow
43:48 Two-Man Saw
44:15 Murder Holes
45:06 Hand Cart
44:31 Pikeman
44:34 Elite Varangian Guard
46:54 Hoardings
47:01 Gambesons
53:03 Heavy Scorpion
54:24 Architecture
54:44 Siege Engineers
54:48 Capped Ram
56:34 Guard Tower
56:29 Arrowslits
58:02 Siege Ram
tsoul
12:45 Feudal Age
13:06 Feudal Age
13:58 Double-Bit Axe
14:18 Loom
16:38 Wheelbarrow
19:34 Castle Age
18:40 Scale Barding Armor
18:48 Forging
19:05 Bloodlines
19:51 Scale Barding Armor
20:28 Fletching
24:32 Bodkin Arrow
25:26 Padded Archer Armor
26:06 Ballistics
27:42 Leather Archer Armor
29:03 Horse Collar
30:25 Bow Saw
30:46 Leather Archer Armor
30:58 Husbandry
32:16 Thumb Ring
33:09 Heavy Plow
37:23 Sipahi
48:37 Imperial Age
47:37 Chain Barding Armor
49:19 Bracer
49:10 Capped Ram
50:31 Parthian Tactics
52:03 Ring Archer Armor
52:32 Heavy Cavalry Archer
54:51 Iron Casting
57:30 Guilds
57:56 Plate Barding Armor
59:10 Two-Man Saw
60:06 Blast Furnace
59:40 Conscription
61:36 Murder Holes
61:52 Masonry
牛比无极限
3:31 Loom
14:19 Feudal Age
18:51 Castle Age
17:12 Double-Bit Axe
17:57 Horse Collar
18:47 Stone Mining
20:09 Wheelbarrow
20:27 Bow Saw
27:52 Bloodlines
27:50 Scale Barding Armor
29:44 Chain Barding Armor
29:38 Forging
29:53 Heavy Plow
30:24 Husbandry
32:06 Iron Casting
32:58 Hand Cart
38:49 Imperial Age
37:03 Gold Mining
40:24 Gold Shaft Mining
40:36 Conscription
41:51 Blast Furnace
40:43 Elite Tiger Cavalry
41:50 Ming Guang Armor
46:54 Scale Mail Armor
47:08 Town Watch
46:49 Pikeman
47:29 Squires
49:08 Chain Mail Armor
48:16 Halberdier
53:16 Fletching
53:16 Capped Ram
54:37 Siege Ram
61:54 Caravan
瓦兰吉程咬金三板斧
4:27 Loom
14:01 Feudal Age
17:32 Castle Age
15:50 Double-Bit Axe
18:37 Bow Saw
18:37 Scale Barding Armor
26:42 Forging
30:04 Chain Barding Armor
30:48 Bloodlines
32:45 Husbandry
34:02 Iron Casting
34:24 Horse Collar
34:35 Gold Mining
36:10 Wheelbarrow
36:38 Stone Mining
40:50 Imperial Age
39:07 Stone Shaft Mining
40:12 Hand Cart
40:58 Elite Jarl
42:41 Blast Furnace
42:04 Conscription
43:18 Plate Barding Armor
44:54 Two-Man Saw
43:55 Heavy Plow
45:51 Siege Engineers
46:00 Masonry
47:34 Coinage
48:33 Ballistics
48:44 Architecture
51:06 Banking
53:46 Crop Rotation
Fs.churacoRS
11:19 Feudal Age
10:24 Loom
12:39 Loom
15:15 Castle Age
14:04 Double-Bit Axe
16:50 Bow Saw
18:03 Fletching
21:26 Town Watch
22:17 Wheelbarrow
23:29 Bodkin Arrow
34:13 Husbandry
39:46 Padded Archer Armor
42:38 Leather Archer Armor
45:38 Ballistics
53:52 Imperial Age
53:40 Gold Mining
53:42 Stone Mining
53:55 Onager
54:59 Drill
55:01 Conscription
54:30 Capped Ram
56:16 Chemistry
55:20 Siege Onager
56:28 Siege Ram
58:16 Conscription
60:03 Bracer
Connection lost

Rejoining the realm…

Still unreachable

The connection could not be restored.

Session expired

The server has moved on; the page needs a fresh start.